 Dungeon Crawl Stone Soup version 0.20.0-15-g7f486f2 (webtiles) character file.

13775 sagitran the Cleaver (level 11, -35/81 HPs)
             Began as a Demonspawn Wanderer on June 10, 2017.
             Was an Elder of Yredelemnul.
             Blown up by an orb spider (40 damage)
             ... with an orb of destruction
             ... on level 1 of the Spider Nest on June 11, 2017.
             The game lasted 04:04:35 (10927 turns).

sagitran the Cleaver (Demonspawn Wanderer)         Turns: 10927, Time: 04:04:36

Health: -35/81     AC: 17    Str: 14    XL:     11   Next: 80%
Magic:  0/26       EV: 13    Int: 14    God:    Yredelemnul [****..]
Gold:   749        SH: 12    Dex: 18    Spells: 11/14 levels left

rFire    x . .     SeeInvis .   f - +2 hand axe (venom)
rCold    + . .     Gourm    +   e - +2 buckler
rNeg     . . .     Faith    .   c - +2 ring mail
rPois    .         Spirit   +   w - +1 hat
rElec    .         Reflect  .   (no cloak)
rCorr    .         Harm     .   A - +0 pair of gloves "Siman" {MP+9 Dex+4 Stlth+} (curse)
MR       .....                  F - +0 pair of boots
Stlth    +++.......             i - amulet of the gourmand
Regen    0.3/turn               j - ring of ice
MPRegen  0.4/turn               x - +6 ring of protection

@: no status effects
A: antennae 2, large bone plates 1, demonic guardian 1, magic shield, magic
regeneration
a: Recall Undead Slaves, Injury Mirror, Animate Dead, Drain Life, Renounce
Religion


You were on level 1 of the Spider Nest.
You worshipped Yredelemnul.
Yredelemnul was greatly pleased with you.
You were not hungry.

You visited 4 branches of the dungeon, and saw 14 of its levels.

You collected 749 gold pieces.

Inventory:

Hand Weapons
 f - a +2 hand axe of venom (weapon)
 D - a +0 fustibalus
Missiles
 a - 3 javelins
 B - 115 stones
 N - a tomahawk (quivered)
Armour
 c - a +2 ring mail (worn)
 e - a +2 buckler (worn)
 w - a +1 hat (worn)
 A - the cursed +0 pair of gloves "Siman" (worn) {MP+9 Dex+4 Stlth+}
   (You found it on level 7 of the Dungeon)

   It affects your dexterity (+4).
   It affects your magic capacity (+9).
   It makes you more stealthy.
   It has a curse placed upon it.
 F - a +0 pair of boots (worn)
Jewellery
 i - an amulet of the gourmand (around neck)
 j - a ring of ice (left hand)
 x - a +6 ring of protection (right hand)
 z - an uncursed ring of resist corrosion
Wands
 b - a wand of paralysis (4/24)
 k - a wand of confusion (26/48)
 q - a wand of polymorph (8/24)
 r - a wand of scattershot (6/9)
 C - a wand of scattershot (7/9)
 H - a wand of lightning (14/15)
 K - a wand of polymorph (11/24)
Scrolls
 h - a scroll of fog
 n - 3 scrolls of recharging
 o - 4 scrolls of teleportation
 t - a scroll of immolation
 u - 2 scrolls of magic mapping
 I - a scroll of fear
Potions
 s - 3 potions of agility
 v - a potion of curing
 E - 2 potions of brilliance
 M - a potion of flight
Miscellaneous
 p - a fan of gales
 G - a crystal ball of energy
Comestibles
 d - 7 royal jellies
 g - 11 fruits
 l - 10 meat rations
 m - 5 bread rations


   Skills:
 + Level 5.8 Fighting
 + Level 10.1 Axes
 + Level 2.1(2.9) Slings
 + Level 3.1(3.4) Throwing
 + Level 6.2 Armour
 + Level 4.6 Dodging
 + Level 4.4 Stealth
 + Level 6.2 Shields
 + Level 2.4 Spellcasting
 + Level 0.6 Conjurations
 + Level 2.0 Hexes
 + Level 3.3 Ice Magic
   Level 1.0 Poison Magic
 + Level 8.1 Invocations
 + Level 0.8 Evocations


You had 11 spell levels left.
You knew the following spells:

 Your Spells              Type           Power        Failure   Level  Hunger
a - Magic Dart            Conj           #...         32%         1    #......
b - Ensorcelled Hibernat  Hex/Ice        ##....       22%         2    ###....


Dungeon Overview and Level Annotations

Branches:
Dungeon (10/15)            Temple (1/1) D:5            Lair (2/6) D:10
 Spider (1/4) Lair:2
  Swamp: Lair:2-4    Shoals: Lair:2-4       Orc: D:9-12

Altars:
Ashenzari
Cheibriados
Dithmenos
Elyvilon
Fedhas
Gozag
Hepliaklqana
Kikubaaqudgha
Makhleb
Nemelex Xobeh
Okawaru
Qazlal
Ru
Sif Muna
Trog
Uskayaw
Vehumet
Xom
Yredelemnul
Zin
The Shining One

Shops:
D:6 !   D:8 *


Innate Abilities, Weirdness & Mutations

You have a pair of antennae on your head.
You are partially covered in large bone plates. (SH +4)
A weak demonic guardian rushes to your aid.
When hurt, damage is shared between your health and your magic reserves.
You regenerate magic rapidly.


Message History

There is a web here.
You disentangle yourself.
The orb of destruction hits you!
* * * LOW HITPOINT WARNING * * *
The orb spider weaves a glowing orb of energy.
The wavering orb of destruction weakly hits your ufetubus.
Your ufetubus is blown up!
The tarantella completely misses you.
As you read the scroll of fog, it crumbles to dust.
The scroll dissolves into smoke.
The tarantella completely misses you.
The orb spider weaves a glowing orb of energy.
The orb spider begins to weave its threads into a brightly glowing ball.
You block the tarantella's attack.
Your shadow imp gestures at the orb spider.
The orb spider writhes in agony!
An orb spider and an orb of destruction come into view.
You closely miss the tarantella. The tarantella barely misses you.
You hit the tarantella but do no damage.
The tarantella is poisoned.
You block the tarantella's attack.
Your shadow imp misses the orb spider.
The orb of destruction hits you!
You die...

,,.######..### **,.,,,****,,***,,
**........## **,*,****,,,**,,,
*,........# ******,,,,,,,,,,
,,......#.## ***#.,,,,,,,**,
,,......#..##### *,...,,,,,,,***
,,...........^s####....,,,,,,,* *
,,.....##....s§§...#,,,,,,,,,,* *
,,.....##....5.§§##*,,,,,,,,,,***
,,....*#.......§@##**,,,,,,,,***,
,,,,,,*#.......§s§# ***,***,***,,
,,,,,**#...s..§...# **,*,,**,,,
,,,,,*#..........##****,,,,***,,>
,,,,,*#.%...%..%...,,,,,,,,,,,,,,
,,,,,,#........##..#*,,,,,,,,*,,,
,,,,*#.#...#^###*..#**,,,,,,,*,,,
**,**##^##.### **..# *,,,,,,,,,,,
**** *.#*##,,***,..# *,,,,,,*,,,,


You could see 3 orb spiders, a tarantella and a friendly shadow imp.

Vanquished Creatures
  2 two-headed ogres (D:8)
  Joseph (D:7)
  A centaur zombie (D:10)
  A spiny frog (Lair:2)
  2 jumping spiders
  A dream sheep (Lair:2)
  3 hippogriffs
  3 redbacks
  Eustachio (D:6)
  9 yaks
  The ghost of Gorglomux the Skirmisher, an amateur GrFi (D:4)
  Duvessa (D:6)
  A porcupine (Lair:1)
  An orc warrior (D:8)
  2 ice beasts
  A sky beast (D:9)
  4 ogres
  2 phantoms
  2 crocodiles
  A bullfrog (Lair:1)
  2 wyvern skeletons (D:7)
  A hornet simulacrum (D:9)
  4 scorpions
  2 howler monkeys (D:5)
  A crimson imp (D:9)
  2 jellies
  A bullfrog skeleton (D:9)
  5 orc priests
  3 hounds
  Jessica (D:3)
  An iguana (D:7)
  5 orc wizards
  5 worker ants
  Natasha (D:3)
  A killer bee zombie (D:6)
  A hound zombie (D:5)
  A hound skeleton (D:5)
  A howler monkey zombie (D:5)
  2 worker ant zombies
  2 gnolls (D:7)
  2 howler monkey skeletons
  2 adders
  A shadow imp (D:7)
  2 white imps (D:9)
  An ufetubus (D:9)
  An ooze (D:1)
  2 worms
  2 dart slugs
  4 leopard geckos
  37 orcs
  5 giant cockroaches
  7 goblins
  8 hobgoblins
  20 jackals
  6 quokkas
  A ball python (D:1)
  7 bats
  A frilled lizard (D:2)
  8 kobolds
  A leopard gecko skeleton (D:5)
  A quokka skeleton (D:4)
  5 rats
206 creatures vanquished.

Vanquished Creatures (collateral kills)
  2 hydras
  4 spiny frogs
  2 komodo dragons
  2 jumping spiders (Lair:2)
  Sigmund (D:6)
  A spriggan (Lair:2)
  7 hippogriffs
  2 redbacks (Lair:2)
  A wyvern (D:8)
  14 yaks
  Grum (D:10)
  2 water moccasins (Lair:2)
  2 porcupines
  4 orc warriors
  2 phantoms
  An eye of draining (D:10)
  An ice beast (D:9)
  2 ogres
  2 wolves (D:10)
  A centaur (D:9)
  Blork the orc (D:6)
  A big kobold (D:7)
  5 crocodiles
  5 bullfrogs
  Dowan (D:6)
  4 wights (D:9)
  2 crimson imps (D:9)
  A hound (D:4)
  2 orc priests (D:10)
  5 orc wizards
  Natasha (D:3)
  A porcupine zombie (Lair:2)
  3 worker ants
  A bullfrog simulacrum (D:9)
  2 gnolls (D:7)
  An adder (D:4)
  A shadow imp (D:10)
  2 white imps (D:9)
  A worker ant simulacrum (D:9)
  An ufetubus (D:9)
  2 leopard geckos
  11 orcs
  4 jackals (D:7)
  A leopard gecko skeleton (D:7)
  2 bushes (Lair:2)
  3 fungi
  A plant (Lair:2)
119 creatures vanquished.

Vanquished Creatures (others)
  A wolf spider (Spider:1)
  A redback zombie (Lair:2)
  9 flying skulls
  2 hippogriff zombies
  6 yak zombies
  A yak skeleton (Lair:2)
  A sky beast zombie (D:9)
  A hound zombie (D:9)
  3 worker ant zombies
  A scorpion zombie (D:7)
  2 orc skeletons
  A gnoll zombie (D:7)
  A jackal skeleton (D:8)
  A leopard gecko skeleton (D:8)
  10 orc zombies
  A fungus (Lair:2)
42 creatures vanquished.

Grand Total: 367 creatures vanquished

Notes
Turn   | Place    | Note
-------+----------+-------------------------------------------
     0 | D:1      | sagitran the Demonspawn Wanderer began the quest for the Orb.
     0 | D:1      | sagitran set off with: a book of Minor Magic, a +0 hand axe, a +0 ring mail, a bread ration
     0 | D:1      | Reached XP level 1. HP: 13/13 MP: 2/2
     4 | D:1      | Learned a level 1 spell: Magic Dart
    50 | D:1      | Reached skill level 2 in Axes
   382 | D:1      | Gained mutation: You are partially covered in large bone plates. (SH +4) [demonic ancestry]
   382 | D:1      | Reached XP level 2. HP: 13/19 MP: 3/3
   935 | D:2      | Reached skill level 3 in Axes
   935 | D:2      | Reached XP level 3. HP: 22/24 MP: 4/4
  1423 | D:2      | Gained mutation: You have a pair of small antennae on your head. [demonic ancestry]
  1423 | D:2      | Reached XP level 4. HP: 30/31 MP: 0/5
  1758 | D:3      | Reached skill level 1 in Fighting
  1766 | D:3      | Noticed Jessica
  1773 | D:3      | Killed Jessica
  1773 | D:3      | Reached skill level 1 in Dodging
  1773 | D:3      | Gained mutation: A weak demonic guardian rushes to your aid. [demonic ancestry]
  1773 | D:3      | Reached XP level 5. HP: 20/37 MP: 5/7
  1813 | D:3      | Noticed Natasha
  1819 | D:3      | Killed Natasha
  1910 | D:3      | Learned a level 2 spell: Ensorcelled Hibernation
  2233 | D:3      | Noticed Natasha
  2237 | D:3      | Killed Natasha
  2273 | D:3      | Reached skill level 4 in Axes
  2512 | D:4      | Noticed an ogre
  2549 | D:4      | Killed an ogre
  2549 | D:4      | Gained mutation: When hurt, damage is shared between your health and your magic reserves. [demonic ancestry]
  2549 | D:4      | Reached XP level 6. HP: 37/43 MP: 8/8
  2766 | D:4      | Noticed Gorglomux's ghost (amateur GrFi)
  2789 | D:4      | Killed Gorglomux's ghost
  2870 | D:4      | Got a polished dagger
  2871 | D:4      | Identified the cursed +0 dagger "Weotz" {antimagic, MR- Int+4} (You found it on level 4 of the Dungeon)
  3109 | D:4      | Gained mutation: You regenerate magic rapidly. [demonic ancestry]
  3109 | D:4      | Reached XP level 7. HP: 49/49 MP: 9/9
  3197 | D:5      | Entered Level 5 of the Dungeon
  3214 | D:5      | Found a basalt altar of Yredelemnul.
  3230 | D:5      | Reached skill level 5 in Axes
  3248 | D:5      | Became a worshipper of Yredelemnul the Dark
  3272 | D:5      | Got a smoking robe
  3300 | D:5      | Found a staircase to the Ecumenical Temple.
  3342 | Temple   | Entered the Ecumenical Temple
  4226 | D:5      | Found a glowing golden altar of the Shining One.
  4226 | D:5      | Found a deep blue altar of Sif Muna.
  4233 | D:5      | Found a faded altar of an unknown god.
  4235 | D:5      | Found a hazy altar of Hepliaklqana.
  4236 | D:5      | Found an ancient bone altar of Kikubaaqudgha.
  4319 | D:6      | Noticed Duvessa
  4320 | D:6      | Noticed Dowan
  4332 | D:6      | Killed Duvessa
  4334 | D:6      | Killed Dowan
  4472 | D:6      | Reached XP level 8. HP: 40/57 MP: 6/10
  4497 | D:6      | Identified the +2 robe of a treasure trove {*Drain rPois rN+} (You found it on level 5 of the Dungeon)
  4564 | D:6      | Noticed Blork the orc
  4582 | D:6      | Killed Blork the orc
  4582 | D:6      | Reached skill level 6 in Axes
  4636 | D:6      | Noticed Eustachio
  4661 | D:6      | Killed Eustachio
  4661 | D:6      | Reached skill level 1 in Hexes
  4726 | D:6      | Noticed Sigmund
  4738 | D:6      | Killed Sigmund
  4738 | D:6      | Reached * piety under Yredelemnul
  4843 | D:6      | Found Zaebaref's Distillery.
  4851 | D:6      | Your ally Blork died
  4852 | D:6      | Reached skill level 1 in Stealth
  5095 | D:7      | Noticed a hippogriff
  5103 | D:7      | Killed a hippogriff
  5163 | D:7      | Gained mutation: You have a pair of antennae on your head. [demonic ancestry]
  5163 | D:7      | Reached XP level 9. HP: 54/64 MP: 12/12
  5301 | D:7      | Reached skill level 7 in Axes
  5360 | D:7      | Noticed Joseph
  5382 | D:7      | Killed Joseph
  5423 | D:7      | Reached skill level 1 in Invocations
  5773 | D:7      | Reached ** piety under Yredelemnul
  5818 | D:7      | Got a pair of encrusted gloves
  5819 | D:7      | Identified the cursed +0 pair of gloves "Siman" {MP+9 Dex+4 Stlth+} (You found it on level 7 of the Dungeon)
  6384 | D:8      | Reached skill level 8 in Axes
  6496 | D:8      | Found Kicworr's Assorted Antiques.
  6790 | D:8      | Noticed a two-headed ogre
  6814 | D:8      | Killed a two-headed ogre
  6814 | D:8      | Reached skill level 5 in Armour
  6814 | D:8      | Reached XP level 10. HP: 52/73 MP: 13/13
  6867 | D:8      | Noticed a two-headed ogre
  6883 | D:8      | Killed a two-headed ogre
  7118 | D:9      | Reached skill level 5 in Fighting
  7369 | D:9      | Reached skill level 5 in Shields
  7487 | D:9      | Reached *** piety under Yredelemnul
  7558 | D:9      | Reached skill level 1 in Slings
  7584 | D:9      | Reached skill level 9 in Axes
  7664 | D:9      | Received a gift from Yredelemnul (5 flying skulls)
  7768 | D:9      | Found a shattered altar of Ashenzari.
  8055 | D:10     | Entered Level 10 of the Dungeon
  8067 | D:10     | Received a gift from Yredelemnul (a wight)
  8108 | D:10     | Noticed Grum
  8115 | D:10     | Killed Grum
  8138 | D:10     | Reached skill level 5 in Invocations
  8871 | D:10     | Found a staircase to the Lair.
  8947 | Lair:1   | Entered Level 1 of the Lair of Beasts
  9010 | Lair:1   | Reached **** piety under Yredelemnul
  9018 | Lair:1   | Reached XP level 11. HP: 75/80 MP: 15/15
  9019 | Lair:1   | Received a gift from Yredelemnul (3 flying skulls)
  9615 | Lair:1   | Noticed a seven-headed hydra
  9628 | Lair:1   | Killed a seven-headed hydra
  9629 | Lair:1   | Received a gift from Yredelemnul (4 flying skulls)
  9841 | Lair:2   | Noticed a five-headed hydra
  9850 | Lair:2   | Killed a five-headed hydra
  9851 | Lair:2   | Received a gift from Yredelemnul (a vampire)
 10211 | Lair:2   | Reached skill level 10 in Axes
 10233 | Lair:2   | Found a hole to the Spider Nest.
 10743 | Spider:1 | Entered Level 1 of the Spider Nest
 10876 | Spider:1 | Noticed an entropy weaver
 10891 | Spider:1 | Noticed an orb spider
 10895 | Spider:1 | Noticed a wolf spider
 10898 | Spider:1 | Noticed an orb spider
 10906 | Spider:1 | Killed a wolf spider
 10924 | Spider:1 | HP: 4/81 [disintegration (25)]
 10926 | Spider:1 | Noticed an orb spider
 10927 | Spider:1 | Blown up by an orb spider

Skill      XL: |  1  2  3  4  5  6  7  8  9 10 11 |
---------------+----------------------------------+-----
Axes           | 2 3 4 5 6 8 9 10 | 10.1
Fighting       | 1 2 3 4 5 |  5.8
Dodging        | 1 2 3 4 |  4.6
Shields        | 2 3 4 5 6 |  6.2
Armour         | 2 4 5 6 |  6.2
Ice Magic      | 3 |  3.3
Spellcasting   | 2 |  2.4
Hexes          | 1 2 |  2.0
Stealth        | 1 2 3 4 |  4.4
Invocations    | 3 5 8 |  8.1
Slings         | 2 |  2.1
Throwing       | 3 |  3.1
Conjurations   | |  0.6
Poison Magic   | |  1.0
Evocations     | |  0.8

Action                   |  1- 3 |  4- 6 |  7- 9 | 10-12 || total
-------------------------+-------+-------+-------+-------++-------
Melee: Hand axe          |   188 |   184 |   344 |   306 ||  1022
       Whip              |     3 |       |       |       ||     3
 Fire: Fustibalus        |       |       |       |    14 ||    14
Throw: Tomahawk          |       |       |       |    38 ||    38
       Stone             |       |       |       |     1 ||     1
       Javelin           |       |       |       |    12 ||    12
 Cast: Magic Dart        |    11 |     1 |     2 |       ||    14
       Ensorcelled Hiber |       |     2 |     4 |     3 ||     9
Invok: Animate Remains   |       |       |    19 |     8 ||    27
       Animate Dead      |       |       |       |    49 ||    49
       Drain Life        |       |       |       |     1 ||     1
Evoke: Wand              |       |       |       |     7 ||     7
  Use: Scroll            |     3 |     7 |    10 |    13 ||    33
       Potion            |     1 |     6 |     3 |     6 ||    16
 Stab: Distracted        |       |       |     6 |    11 ||    17
       Sleeping          |       |       |     2 |     3 ||     5
       Invisible         |       |       |       |     1 ||     1
  Eat: Bread ration      |     1 |     1 |       |     2 ||     4
       Chunk             |       |    14 |    18 |    17 ||    49
Armor: Ring mail         |    78 |    38 |   102 |    69 ||   287
       Skin              |       |       |     2 |       ||     2
Dodge: Dodged            |   121 |    47 |   121 |   115 ||   404
Block: Other             |    23 |       |       |       ||    23
       Buckler           |    39 |    81 |   169 |   157 ||   446
